Predators vs Avalanche
Created - December 2, 2023 at 21:56
Goals
|
Predators |
2 |
1 |
1 |
4 |
Avalanche |
3 |
1 |
2 |
6 |
|
Shots
|
Predators |
17 |
7 |
9 |
33 |
Avalanche |
8 |
9 |
9 |
26 |
|
1st period
1. Avalanche , Marcus Kruger 4 (Ryan O'Reilly 7, Mikkel Boedker 13) at 1:13
2. Predators , Jaden Schwartz 6 (Nicolas Kerdiles 2, Alexander Ovechkin 8) at 2:20
3. Avalanche , Kyle Turris 1 (Anthony Duclair 1, Ryan O'Reilly 8) at 9:37
4. Avalanche , Vincent Trocheck 3 (Bryan Little 14) at 10:55
5. Predators , Mikael Granlund 12 (Claude Giroux 14, Josh Morrissey 4) at 18:18
Penalties :
Bryan Little (Col) for Boarding (Minor) at 4:33, James Van Riemsdyk (Col) for Delaying the game (Minor) at 11:16, Bryan Little (Col) for Holding (Minor) at 15:32
2nd period
6. Predators , Andy Miele 8 (Alexander Ovechkin 9, Justin Faulk 12) at 2:02
7. Avalanche , Bryan Little 5 (Alexander Edler 3) at 9:47 (PP)
Penalties :
John Moore (Nas) for Holding (Minor) at 6:00, Josh Morrissey (Nas) for High sticking (Minor) at 9:35, Andrei Kuzmenko (Col) for Hooking (Minor) at 11:47, John Moore (Nas) for Holding (Minor) at 14:08, Mark Pysyk (Nas) for Tripping (Minor) at 19:13
3rd period
8. Predators , Mark Pysyk 3 (Mikael Granlund 7, Claude Giroux 15) at 1:56 (PP)
9. Avalanche , Patric Hornqvist 4 (Alexander Edler 4, Andrei Kuzmenko 7) at 6:56
10. Avalanche , James Van Riemsdyk 3 (Vincent Trocheck 7) at 19:53 (Empty Net)
Penalties :
Mikkel Boedker (Col) for Holding (Minor) at 0:39, Jacob Slavin (Col) for High sticking (Minor) at 12:17, Luke Witkowski (Col) for Slashing (Minor) at 14:58
Goalie Stats
Michal Neuvirth (Nas), 20 saves from 25 shots - (0.800), L, 5-9-2, 59:04 minutes
Marek Mazanek (Col), 29 saves from 33 shots - (0.879), W, 4-8-3, 60:00 minutes
Players Stats for Predators
Player Name G A P +/- PIM S H SB GA TA FO MP PP MP PK MP
------------------------------------------------------------------------------------
Alexander Ovechkin 0 2 2 0 0 3 2 0 0 0 2/2 19:02 5:15 1:21
Andreas Englund 0 0 0 0 0 0 0 1 0 1 0/0 12:30 0:00 1:21
Andy Miele 1 0 1 0 0 4 0 0 1 0 7/12 18:51 5:15 1:10
Claude Giroux 0 2 2 -1 0 5 3 0 0 0 1/2 23:39 7:23 0:48
Jack Eichel 0 0 0 -1 0 3 2 0 0 0 13/28 21:28 6:30 0:00
Jaden Schwartz 1 0 1 -1 0 3 1 0 1 0 2/7 21:30 5:06 3:46
John Moore 0 0 0 -3 4 2 3 3 1 0 0/0 28:28 8:29 1:25
Josh Morrissey 0 1 1 0 2 1 0 0 1 0 0/0 15:29 0:00 1:22
Justin Faulk 0 1 1 0 0 0 2 1 0 0 0/0 20:34 4:09 2:50
Mark McNeill 0 0 0 0 0 0 0 0 0 0 0/0 0:43 0:00 0:00
Mark Pysyk 1 0 1 0 2 1 0 0 1 0 0/0 10:15 0:44 2:30
Markus Granlund 0 0 0 -1 0 1 0 0 0 0 2/3 7:35 0:00 1:37
Mikael Granlund 1 1 2 -1 0 5 1 1 0 1 1/3 22:34 7:23 0:00
Nicolas Kerdiles 0 1 1 -1 0 1 1 1 0 0 0/0 6:59 0:00 0:00
Reilly Smith 0 0 0 0 0 0 0 0 1 0 0/0 12:38 0:18 0:00
Ryan Mcdonagh 0 0 0 -2 0 4 1 2 0 0 0/0 29:34 8:29 4:14
Scott Laughton 0 0 0 0 0 0 0 0 0 0 8/10 8:10 0:00 0:00
Travis Dermott 0 0 0 1 0 0 1 1 0 0 0/0 13:48 4:09 0:00
Players Stats for Avalanche
Player Name G A P +/- PIM S H SB GA TA FO MP PP MP PK MP
------------------------------------------------------------------------------------
Alexander Edler 0 2 2 1 0 0 2 2 0 0 0/0 24:54 4:12 5:21
Andrei Kuzmenko 0 1 1 1 2 1 1 0 0 0 0/1 19:54 2:52 0:00
Anthony Duclair 0 1 1 1 0 3 0 0 0 0 0/0 4:26 0:00 0:00
Bryan Little 1 1 2 -1 4 5 0 0 1 1 12/24 21:29 2:44 3:48
David Rundblad 0 0 0 0 0 0 0 0 0 0 0/0 12:45 0:00 6:50
Erik Karlsson 0 0 0 2 0 1 1 1 0 1 0/0 15:52 4:12 0:10
Jack Johnson 0 0 0 0 0 0 0 0 0 1 0/0 22:40 1:24 5:00
Jacob Slavin 0 0 0 2 2 1 1 2 0 0 0/0 23:25 1:24 6:30
James Van Riemsdyk 1 0 1 1 2 3 1 0 0 0 0/0 12:12 0:00 1:35
Joel Edmundson 0 0 0 -1 0 0 0 0 0 1 0/0 13:21 0:00 0:58
Kyle Turris 1 0 1 0 0 1 0 0 0 1 1/5 6:42 0:00 1:05
Luke Witkowski 0 0 0 2 2 0 3 0 1 0 1/1 14:07 0:00 4:21
Marcus Kruger 1 0 1 0 0 2 0 0 0 0 0/0 15:00 2:52 0:00
Mikkel Boedker 0 1 1 0 2 2 1 1 0 0 0/0 14:53 2:43 0:00
Patric Hornqvist 1 0 1 0 0 1 2 0 0 0 0/0 22:11 2:44 5:15
Ryan O'Reilly 0 2 2 0 0 1 0 0 0 1 12/24 20:44 2:52 5:25
Stefan Elliott 0 0 0 0 0 1 0 1 0 0 0/0 7:08 0:00 0:27
Vincent Trocheck 1 1 2 2 0 4 1 1 0 0 5/12 14:59 0:00 3:47
3 Stars
1 - Vincent Trocheck (Col)
2 - Alexander Edler (Col)
3 - Patric Hornqvist (Col)
Power Play
Predators - 1 on 7 Attempt(s) - 14.29%
Avalanche - 1 on 4 Attempt(s) - 25.00%
Penalty Kill
Predators - 3 on 4 Attempt(s) - 75.00%
- Score 0 goal in Penalty Kill
Avalanche - 6 on 7 Attempt(s) - 85.71%
- Score 0 goal in Penalty Kill
Team Stat
Predators - Hits : 17 - Faceoff Wins : 36 - Blocked Shots : 10 - Penalty Minutes : 8
Avalanche - Hits : 13 - Faceoff Wins : 31 - Blocked Shots : 8 - Penalty Minutes : 14
Official
Referees : Brandon Blandina and Chris Schlenker
Linesman : Jonny Murray and Kyle Flemington
Game Notes
James Van Riemsdyk has scored in a empty net!
Finance
Level 1 -- Attendance: 5833 (97.22%) -- Ticket Income $583,300
Level 2 -- Attendance: 4524 (90.48%) -- Ticket Income $271,440
Level 3 -- Attendance: 1726 (86.30%) -- Ticket Income $60,410
Level 4 -- Attendance: 3424 (85.60%) -- Ticket Income $85,600
Luxury Box -- Attendance: 1000 (100.00%) -- Ticket Income $200,000
Game was played at the Pepsi Center.
Total Attendance: 16507 (91.71%)
Total Ticket Income: $1,200,750
Other Income: $180,112
Total Income: $1,380,862
Predators
5 vs 5 Forward
Center Left Wing Right Wing Time % Phy DF OF
1 Jack Eichel Claude Giroux Mikael Granlund 40 1 2 2
2 Andy Miele Alexander Ovechkin Reilly Smith 30 1 2 2
3 Scott Laughton Jaden Schwartz Mark Pysyk 20 1 2 2
4 Markus Granlund Jaden Schwartz Nicolas Kerdiles 10 1 2 2
5 vs 5 Defense
Defense Defense Time % Phy DF OF
1 John Moore Ryan Mcdonagh 40 1 2 2
2 Justin Faulk Josh Morrissey 30 1 2 2
3 Andreas Englund Travis Dermott 20 1 2 2
4 John Moore Ryan Mcdonagh 10 1 2 2
PowerPlay Forward
Center Left Wing Right Wing Time % Phy DF OF
1 Jack Eichel Claude Giroux Mikael Granlund 60 1 1 3
2 Andy Miele Jaden Schwartz Alexander Ovechkin 40 1 1 3
PowerPlay Defense
Defense Defense Time % Phy DF OF
1 John Moore Ryan Mcdonagh 60 1 1 3
2 Justin Faulk Travis Dermott 40 1 1 3
Penalty Kill 4 Players Forward
Center Wing Time % Phy DF OF
1 Jaden Schwartz Mark Pysyk 60 1 2 2
2 Andy Miele Claude Giroux 40 1 2 2
Penalty Kill 4 Players Defense
Defense Defense Time % Phy DF OF
1 John Moore Ryan Mcdonagh 60 1 3 1
2 Josh Morrissey Justin Faulk 40 1 3 1
Penalty Kill - 3 Players Forward
Forward Time % Phy DF OF
1 Mark Pysyk 60 1 3 1
2 Jaden Schwartz 40 1 3 1
Penalty Kill - 3 Players Defense
Defense Defense Time % Phy DF OF
1 John Moore Ryan Mcdonagh 60 1 3 1
2 Justin Faulk Josh Morrissey 40 1 3 1
4 vs 4 Forward
Center Wing Time % Phy DF OF
1 Mikael Granlund Claude Giroux 60 1 2 2
2 Jaden Schwartz Alexander Ovechkin 40 1 2 2
4 vs 4 Defense
Defense Defense Time % Phy DF OF
1 John Moore Ryan Mcdonagh 60 1 2 2
2 Justin Faulk Josh Morrissey 40 1 2 2
Last Minutes Offensive
Center Left Wing Right Wing Defense Defense
Jack Eichel Claude Giroux Mikael Granlund John Moore Ryan Mcdonagh
Last Minutes Defensive
Center Left Wing Right Wing Defense Defense
Andy Miele Claude Giroux Mikael Granlund John Moore Ryan Mcdonagh
Goaltenders
Starting : Michal Neuvirth
Backup : Kari Lehtonen
Extra Forwards
Normal : Jaden Schwartz, Nicolas Kerdiles, Scott Laughton - PP : Reilly Smith, Alexander Ovechkin - PK : Markus Granlund
Extra Defensemen
Normal : Justin Faulk, Travis Dermott, Andreas Englund - PP : Travis Dermott - PK : Justin Faulk, Andreas Englund
Penalty Shots
Claude Giroux, Alexander Ovechkin, Mikael Granlund, Jack Eichel, Ryan Mcdonagh
Custom OT Lines Forwards
Claude Giroux, Mikael Granlund, Alexander Ovechkin, Jack Eichel, Jaden Schwartz, Andy Miele, Reilly Smith, Nicolas Kerdiles, Scott Laughton, Markus Granlund
Custom OT Lines Defensemen
Ryan Mcdonagh, John Moore, Justin Faulk, Josh Morrissey, Andreas Englund
Scratches
Joel Armia (Fractured Bone in Left Hand Injury)
Avalanche
5 vs 5 Forward
Center Left Wing Right Wing Time % Phy DF OF
1 Bryan Little Andrei Kuzmenko Patric Hornqvist 36 1 2 2
2 Ryan O'Reilly Mikkel Boedker Marcus Kruger 35 1 2 2
3 Vincent Trocheck James Van Riemsdyk Luke Witkowski 19 1 2 2
4 Kyle Turris Andrei Kuzmenko Anthony Duclair 10 1 2 2
5 vs 5 Defense
Defense Defense Time % Phy DF OF
1 Jacob Slavin Jack Johnson 40 1 2 2
2 Alexander Edler Erik Karlsson 30 1 2 2
3 Joel Edmundson David Rundblad 17 1 2 2
4 Joel Edmundson Stefan Elliott 13 1 2 2
PowerPlay Forward
Center Left Wing Right Wing Time % Phy DF OF
1 Ryan O'Reilly Andrei Kuzmenko Marcus Kruger 50 0 1 4
2 Bryan Little Mikkel Boedker Patric Hornqvist 50 0 1 4
PowerPlay Defense
Defense Defense Time % Phy DF OF
1 Alexander Edler Erik Karlsson 57 0 2 3
2 Jack Johnson Jacob Slavin 43 0 2 3
Penalty Kill 4 Players Forward
Center Wing Time % Phy DF OF
1 Ryan O'Reilly Luke Witkowski 50 1 3 1
2 Bryan Little Patric Hornqvist 50 1 3 1
Penalty Kill 4 Players Defense
Defense Defense Time % Phy DF OF
1 Jacob Slavin David Rundblad 55 1 3 1
2 Alexander Edler Jack Johnson 45 1 3 1
Penalty Kill - 3 Players Forward
Forward Time % Phy DF OF
1 Luke Witkowski 63 1 4 0
2 Bryan Little 37 1 4 0
Penalty Kill - 3 Players Defense
Defense Defense Time % Phy DF OF
1 Alexander Edler Jacob Slavin 58 1 4 0
2 Jack Johnson David Rundblad 42 1 4 0
4 vs 4 Forward
Center Wing Time % Phy DF OF
1 Ryan O'Reilly Mikkel Boedker 55 1 2 2
2 Bryan Little Patric Hornqvist 45 1 2 2
4 vs 4 Defense
Defense Defense Time % Phy DF OF
1 Alexander Edler Jacob Slavin 55 1 2 2
2 Joel Edmundson David Rundblad 45 1 2 2
Last Minutes Offensive
Center Left Wing Right Wing Defense Defense
Bryan Little Mikkel Boedker Patric Hornqvist Alexander Edler Erik Karlsson
Last Minutes Defensive
Center Left Wing Right Wing Defense Defense
Ryan O'Reilly Mikkel Boedker Luke Witkowski David Rundblad Jacob Slavin
Goaltenders
Starting : Marek Mazanek
Backup : Semyon Varlamov
Extra Forwards
Normal : Andrei Kuzmenko, Vincent Trocheck, Luke Witkowski - PP : Vincent Trocheck, Luke Witkowski - PK : Vincent Trocheck
Extra Defensemen
Normal : Alexander Edler, Joel Edmundson, Erik Karlsson - PP : Jack Johnson - PK : Jacob Slavin, David Rundblad
Penalty Shots
Andrei Kuzmenko, Mikkel Boedker, Patric Hornqvist, Bryan Little, Vincent Trocheck
Custom OT Lines Forwards
Mikkel Boedker, Bryan Little, Patric Hornqvist, Ryan O'Reilly, Marcus Kruger, Luke Witkowski, Vincent Trocheck, James Van Riemsdyk, Andrei Kuzmenko, Anthony Duclair
Custom OT Lines Defensemen
Jack Johnson, Jacob Slavin, Alexander Edler, Erik Karlsson, David Rundblad
Scratches
Daniel Carr (Healthy), Jarred Tinordi (Healthy), Tobias Enstrom (Healthy)
% Time on Ice - Predators
Lines # - Real PCT - Wanted PCT - Time Play
Normal Forward
1 - 35% - 40% - 13:56
2 - 33% - 30% - 13:16
3 - 17% - 20% - 6:56
4 - 15% - 10% - 5:57
Normal Defense
1 - 41% - 40% - 16:38
2 - 35% - 30% - 14:13
3 - 21% - 20% - 8:36
4 - 2% - 10% - 0:38
PP Forward
1 - 58% - 60% - 7:23
2 - 42% - 40% - 5:15
PP Defense
1 - 67% - 60% - 8:29
2 - 33% - 40% - 4:09
PK Forward
1 - 86% - 60% - 4:48
2 - 14% - 40% - 0:48
PK Defense
1 - 87% - 60% - 4:53
2 - 13% - 40% - 0:43
PK3 Forward
1 - 0% - 60%
2 - 0% - 40%
PK3 Defense
1 - 0% - 60%
2 - 0% - 40%
44 Forward
1 - 100% - 60% - 0:33
2 - 0% - 40% - 0:00
44 Defense
1 - 100% - 60% - 0:33
2 - 0% - 40% - 0:00
Last Minute Offensive - 1:08
Last Minute Defensive - 0:00
Total
Forward - 60:00
Defense - 60:00
|
% Time on Ice - Avalanche
Lines # - Real PCT - Wanted PCT - Time Play
Normal Forward
1 - 33% - 36% - 13:08
2 - 36% - 35% - 14:37
3 - 20% - 19% - 8:00
4 - 11% - 10% - 4:19
Normal Defense
1 - 38% - 40% - 15:08
2 - 35% - 30% - 13:56
3 - 13% - 17% - 5:22
4 - 14% - 13% - 5:38
PP Forward
1 - 51% - 50% - 2:52
2 - 49% - 50% - 2:44
PP Defense
1 - 75% - 57% - 4:12
2 - 25% - 43% - 1:24
PK Forward
1 - 50% - 50% - 6:21
2 - 50% - 50% - 6:17
PK Defense
1 - 67% - 55% - 8:29
2 - 33% - 45% - 4:09
PK3 Forward
1 - 0% - 63%
2 - 0% - 37%
PK3 Defense
1 - 0% - 58%
2 - 0% - 42%
44 Forward
1 - 100% - 55% - 0:33
2 - 0% - 45% - 0:00
44 Defense
1 - 100% - 55% - 0:33
2 - 0% - 45% - 0:00
Last Minute Offensive - 0:00
Last Minute Defensive - 1:09
Total
Forward - 60:00
Defense - 60:00
|
Play-by-Play
1st period
0:01 of 1st period - Jack Eichel wins face-off versus Bryan Little in neutral zone.
1:13 of 1st period - Snap shot by Marcus Kruger.
1:13 of 1st period - Goal by Marcus Kruger - Predators : 0 - Avalanche : 1.
1:14 of 1st period - Scott Laughton wins face-off versus Vincent Trocheck in neutral zone.
1:19 of 1st period - Luke Witkowski is hit by Jaden Schwartz and loses puck.
1:40 of 1st period - Jack Eichel is hit by Patric Hornqvist and loses puck.
2:03 of 1st period - David Rundblad is hit by Travis Dermott and loses puck.
2:20 of 1st period - Wrist shot by Jaden Schwartz.
2:20 of 1st period - Goal by Jaden Schwartz - Predators : 1 - Avalanche : 1.
2:21 of 1st period - Bryan Little wins face-off versus Jack Eichel in neutral zone.
2:47 of 1st period - Andy Miele is hit by Luke Witkowski and loses puck.
3:07 of 1st period - Icing by Luke Witkowski.
3:08 of 1st period - Scott Laughton wins face-off versus Vincent Trocheck in Avalanche zone.
4:25 of 1st period - Snap shot by Jaden Schwartz.
4:25 of 1st period - Stopped by Marek Mazanek with a rebound.
4:27 of 1st period - Slapshot by Scott Laughton.
4:27 of 1st period - Shot Misses the Net.
4:33 of 1st period - Minor Penalty to Bryan Little for Boarding.
4:34 of 1st period - Jack Eichel wins face-off versus Ryan O'Reilly in Avalanche zone.
4:41 of 1st period - Snap shot by Jack Eichel.
4:41 of 1st period - Shot Misses the Net.
5:01 of 1st period - Jacob Slavin is hit by Alexander Ovechkin and loses puck.
5:06 of 1st period - Snap shot by Andy Miele.
5:06 of 1st period - Stopped by Marek Mazanek without a rebound.
5:07 of 1st period - Alexander Ovechkin wins face-off versus Ryan O'Reilly in Avalanche zone.
5:30 of 1st period - Wrist shot by Andy Miele.
5:30 of 1st period - Shot Misses the Net.
5:39 of 1st period - Icing by Jaden Schwartz.
5:40 of 1st period - Andy Miele wins face-off versus Vincent Trocheck in Predators zone.
5:53 of 1st period - Snap shot by Jacob Slavin.
5:53 of 1st period - Stopped by Michal Neuvirth without a rebound.
5:54 of 1st period - Jack Eichel wins face-off versus Ryan O'Reilly in Predators zone.
6:00 of 1st period - Icing by Jack Eichel.
6:01 of 1st period - Ryan O'Reilly wins face-off versus Jack Eichel in Predators zone.
6:06 of 1st period - Slapshot by Jacob Slavin.
6:06 of 1st period - Shot Blocked by Ryan Mcdonagh.
6:33 of 1st period - Penalty to Bryan Little is over, Bryan Little is back on ice.
6:55 of 1st period - Backhand shot by Jack Eichel.
6:55 of 1st period - Shot Misses the Net.
6:57 of 1st period - Wrist shot by Claude Giroux.
6:57 of 1st period - Stopped by Marek Mazanek with a rebound.
7:27 of 1st period - Snap shot by Mikael Granlund.
7:27 of 1st period - Shot Misses the Net.
7:29 of 1st period - Slapshot by Claude Giroux.
7:29 of 1st period - Shot Misses the Net.
7:37 of 1st period - Wrist shot by Claude Giroux.
7:37 of 1st period - Shot Misses the Net.
7:39 of 1st period - Slapshot by Ryan Mcdonagh.
7:39 of 1st period - Stopped by Marek Mazanek with a rebound.
8:04 of 1st period - Slapshot by Claude Giroux.
8:04 of 1st period - Shot Blocked by Alexander Edler.
8:06 of 1st period - Slapshot by Ryan Mcdonagh.
8:06 of 1st period - Deflect By Patric Hornqvist.
8:06 of 1st period - Stopped by Marek Mazanek without a rebound.
8:07 of 1st period - Andy Miele wins face-off versus Kyle Turris in Avalanche zone.
8:24 of 1st period - Snap shot by Alexander Ovechkin.
8:24 of 1st period - Stopped by Marek Mazanek without a rebound.
8:25 of 1st period - Scott Laughton wins face-off versus Ryan O'Reilly in Avalanche zone.
8:50 of 1st period - Ryan O'Reilly is hit by Justin Faulk and loses puck.
8:59 of 1st period - Wrist shot by Andy Miele.
8:59 of 1st period - Shot Misses the Net.
9:35 of 1st period - Slapshot by Anthony Duclair.
9:35 of 1st period - Stopped by Michal Neuvirth with a rebound.
9:37 of 1st period - Slapshot by Kyle Turris.
9:37 of 1st period - Goal by Kyle Turris - Predators : 1 - Avalanche : 2.
9:38 of 1st period - Andy Miele wins face-off versus Bryan Little in neutral zone.
9:43 of 1st period - Jacob Slavin is hit by John Moore and loses puck.
10:06 of 1st period - Off-side.
10:07 of 1st period - Bryan Little wins face-off versus Scott Laughton in neutral zone.
10:25 of 1st period - Icing by Bryan Little.
10:26 of 1st period - Bryan Little wins face-off versus Jack Eichel in Avalanche zone.
10:43 of 1st period - Slapshot by Ryan Mcdonagh.
10:43 of 1st period - Stopped by Marek Mazanek with a rebound.
10:55 of 1st period - Snap shot by Vincent Trocheck.
10:55 of 1st period - Goal by Vincent Trocheck - Predators : 1 - Avalanche : 3.
10:56 of 1st period - Bryan Little wins face-off versus Jack Eichel in neutral zone.
11:09 of 1st period - Slapshot by Claude Giroux.
11:09 of 1st period - Deflect By Jack Eichel.
11:09 of 1st period - Deflect By Jacob Slavin.
11:09 of 1st period - Stopped by Marek Mazanek with a rebound.
11:11 of 1st period - Snap shot by Mikael Granlund.
11:11 of 1st period - Stopped by Marek Mazanek with a rebound.
11:13 of 1st period - Snap shot by Jack Eichel.
11:13 of 1st period - Stopped by Marek Mazanek without a rebound.
11:14 of 1st period - Vincent Trocheck wins face-off versus Andy Miele in Avalanche zone.
11:16 of 1st period - Minor Penalty to James Van Riemsdyk for Delaying the game.
11:17 of 1st period - Bryan Little wins face-off versus Jack Eichel in Avalanche zone.
11:25 of 1st period - Wrist shot by Jack Eichel.
11:25 of 1st period - Stopped by Marek Mazanek with a rebound.
12:31 of 1st period - Snap shot by Bryan Little.
12:31 of 1st period - Stopped by Michal Neuvirth without a rebound.
12:32 of 1st period - Ryan O'Reilly wins face-off versus Jack Eichel in Predators zone.
13:16 of 1st period - Penalty to James Van Riemsdyk is over, James Van Riemsdyk is back on ice.
13:41 of 1st period - Wrist shot by Markus Granlund.
13:41 of 1st period - Shot Misses the Net.
13:43 of 1st period - Wrist shot by Markus Granlund.
13:43 of 1st period - Shot Misses the Net.
13:55 of 1st period - James Van Riemsdyk is hit by Mikael Granlund and loses puck.
14:12 of 1st period - Snap shot by Anthony Duclair.
14:12 of 1st period - Deflect By Andrei Kuzmenko.
14:12 of 1st period - Shot Blocked by Travis Dermott.
14:12 of 1st period - Puck is out of play.
14:13 of 1st period - Kyle Turris wins face-off versus Markus Granlund in Predators zone.
14:18 of 1st period - Slapshot by Anthony Duclair.
14:18 of 1st period - Stopped by Michal Neuvirth with a rebound.
15:04 of 1st period - Off-side.
15:05 of 1st period - Jack Eichel wins face-off versus Bryan Little in neutral zone.
15:08 of 1st period - Snap shot by John Moore.
15:08 of 1st period - Stopped by Marek Mazanek without a rebound.
15:09 of 1st period - Bryan Little wins face-off versus Jack Eichel in Avalanche zone.
15:20 of 1st period - Slapshot by Claude Giroux.
15:20 of 1st period - Stopped by Marek Mazanek with a rebound.
15:32 of 1st period - Minor Penalty to Bryan Little for Holding.
15:33 of 1st period - Claude Giroux wins face-off versus Vincent Trocheck in Avalanche zone.
16:00 of 1st period - Alexander Ovechkin is hit by Luke Witkowski and loses puck.
17:09 of 1st period - Claude Giroux is hit by James Van Riemsdyk and loses puck.
17:26 of 1st period - Alexander Edler is hit by John Moore and loses puck.
17:32 of 1st period - Penalty to Bryan Little is over, Bryan Little is back on ice.
18:03 of 1st period - Snap shot by Mikael Granlund.
18:03 of 1st period - Stopped by Marek Mazanek with a rebound.
18:18 of 1st period - Snap shot by Mikael Granlund.
18:18 of 1st period - Goal by Mikael Granlund - Predators : 2 - Avalanche : 3.
18:19 of 1st period - Andy Miele wins face-off versus Ryan O'Reilly in neutral zone.
18:46 of 1st period - Jaden Schwartz is hit by Patric Hornqvist and loses puck.
19:06 of 1st period - Off-side.
19:07 of 1st period - Markus Granlund wins face-off versus Vincent Trocheck in neutral zone.
19:38 of 1st period - Snap shot by Andy Miele.
19:38 of 1st period - Stopped by Marek Mazanek with a rebound.
19:48 of 1st period - Snap shot by Marcus Kruger.
19:48 of 1st period - Shot Blocked by Andreas Englund.
19:50 of 1st period - Slapshot by Erik Karlsson.
19:50 of 1st period - Stopped by Michal Neuvirth without a rebound.
19:51 of 1st period - Scott Laughton wins face-off versus Ryan O'Reilly in Predators zone.
Goals for this period are 2 for Predators vs 3 for Avalanche.
Shots for this period are 17 for Predators vs 8 for Avalanche.
2nd period
0:01 of 2nd period - Jack Eichel wins face-off versus Andrei Kuzmenko in neutral zone.
0:30 of 2nd period - Slapshot by Jacob Slavin.
0:30 of 2nd period - Shot Blocked by Justin Faulk.
0:52 of 2nd period - Bryan Little is hit by Alexander Ovechkin.
1:02 of 2nd period - Wrist shot by Bryan Little.
1:02 of 2nd period - Stopped by Michal Neuvirth with a rebound.
2:02 of 2nd period - Snap shot by Andy Miele.
2:02 of 2nd period - Goal by Andy Miele - Predators : 3 - Avalanche : 3.
2:03 of 2nd period - Vincent Trocheck wins face-off versus Jack Eichel in neutral zone.
2:30 of 2nd period - Joel Edmundson is hit by Nicolas Kerdiles and loses puck.
2:41 of 2nd period - Slapshot by Luke Witkowski.
2:41 of 2nd period - Shot Misses the Net.
2:57 of 2nd period - Snap shot by Nicolas Kerdiles.
2:57 of 2nd period - Deflect By Jaden Schwartz.
2:57 of 2nd period - Shot Misses the Net.
2:57 of 2nd period - Puck is out of play.
2:58 of 2nd period - Ryan O'Reilly wins face-off versus Jack Eichel in Avalanche zone.
4:03 of 2nd period - Vincent Trocheck is hit by Claude Giroux and loses puck.
4:28 of 2nd period - Icing by Patric Hornqvist.
4:29 of 2nd period - Scott Laughton wins face-off versus Bryan Little in Avalanche zone.
4:42 of 2nd period - Snap shot by Marcus Kruger.
4:42 of 2nd period - Shot Blocked by John Moore.
4:51 of 2nd period - Icing by Jack Johnson.
4:52 of 2nd period - Jack Eichel wins face-off versus Kyle Turris in Avalanche zone.
5:08 of 2nd period - Icing by Jack Eichel.
5:09 of 2nd period - Ryan O'Reilly wins face-off versus Claude Giroux in Predators zone.
5:30 of 2nd period - Wrist shot by Claude Giroux.
5:30 of 2nd period - Shot Blocked by Jacob Slavin.
5:32 of 2nd period - Slapshot by Josh Morrissey.
5:32 of 2nd period - Stopped by Marek Mazanek without a rebound.
5:33 of 2nd period - Alexander Ovechkin wins face-off versus Bryan Little in Avalanche zone.
5:36 of 2nd period - Snap shot by Andy Miele.
5:36 of 2nd period - Stopped by Marek Mazanek without a rebound.
5:37 of 2nd period - Bryan Little wins face-off versus Andy Miele in Avalanche zone.
5:52 of 2nd period - Wrist shot by Andrei Kuzmenko.
5:52 of 2nd period - Shot Blocked by Ryan Mcdonagh.
5:54 of 2nd period - Slapshot by Patric Hornqvist.
5:54 of 2nd period - Shot Misses the Net.
6:00 of 2nd period - Minor Penalty to John Moore for Holding.
6:01 of 2nd period - Ryan O'Reilly wins face-off versus Jaden Schwartz in Predators zone.
6:15 of 2nd period - Off-side.
6:16 of 2nd period - Bryan Little wins face-off versus Jaden Schwartz in neutral zone.
6:44 of 2nd period - Icing by Ryan O'Reilly.
6:45 of 2nd period - Jaden Schwartz wins face-off versus Ryan O'Reilly in Avalanche zone.
7:12 of 2nd period - Snap shot by Bryan Little.
7:12 of 2nd period - Stopped by Michal Neuvirth with a rebound.
8:00 of 2nd period - Penalty to John Moore is over, John Moore is back on ice.
9:15 of 2nd period - Snap shot by Luke Witkowski.
9:15 of 2nd period - Deflect By James Van Riemsdyk.
9:15 of 2nd period - Shot Blocked by John Moore.
9:15 of 2nd period - Puck is out of play.
9:16 of 2nd period - Ryan O'Reilly wins face-off versus Scott Laughton in Predators zone.
9:35 of 2nd period - Minor Penalty to Josh Morrissey for High sticking.
9:36 of 2nd period - Bryan Little wins face-off versus Jaden Schwartz in Predators zone.
9:47 of 2nd period - Wrist shot by Bryan Little.
9:47 of 2nd period - Goal by Bryan Little - Predators : 3 - Avalanche : 4.
9:48 of 2nd period - Jack Eichel wins face-off versus Bryan Little in neutral zone.
10:17 of 2nd period - Wrist shot by Andy Miele.
10:17 of 2nd period - Shot Blocked by Mikkel Boedker.
10:21 of 2nd period - Wrist shot by Alexander Ovechkin.
10:21 of 2nd period - Stopped by Marek Mazanek with a rebound.
10:23 of 2nd period - Slapshot by Ryan Mcdonagh.
10:23 of 2nd period - Stopped by Marek Mazanek with a rebound.
10:43 of 2nd period - Slapshot by Nicolas Kerdiles.
10:43 of 2nd period - Deflect By Markus Granlund.
10:43 of 2nd period - Stopped by Marek Mazanek without a rebound.
10:44 of 2nd period - Markus Granlund wins face-off versus Bryan Little in Avalanche zone.
10:47 of 2nd period - Wrist shot by Nicolas Kerdiles.
10:47 of 2nd period - Shot Misses the Net.
11:13 of 2nd period - Slapshot by Nicolas Kerdiles.
11:13 of 2nd period - Stopped by Marek Mazanek with a rebound.
11:15 of 2nd period - Snap shot by Jaden Schwartz.
11:15 of 2nd period - Shot Blocked by Alexander Edler.
11:47 of 2nd period - Minor Penalty to Andrei Kuzmenko for Hooking.
11:48 of 2nd period - Luke Witkowski wins face-off versus Jack Eichel in Avalanche zone.
13:01 of 2nd period - Wrist shot by Vincent Trocheck.
13:01 of 2nd period - Stopped by Michal Neuvirth without a rebound.
13:02 of 2nd period - Andy Miele wins face-off versus Bryan Little in Predators zone.
13:47 of 2nd period - Penalty to Andrei Kuzmenko is over, Andrei Kuzmenko is back on ice.
13:53 of 2nd period - Wrist shot by Andrei Kuzmenko.
13:53 of 2nd period - Deflect By Anthony Duclair.
13:53 of 2nd period - Shot Blocked by Nicolas Kerdiles.
13:53 of 2nd period - Puck is out of play.
13:54 of 2nd period - Scott Laughton wins face-off versus Kyle Turris in Predators zone.
14:05 of 2nd period - Wrist shot by Andrei Kuzmenko.
14:05 of 2nd period - Deflect By Anthony Duclair.
14:05 of 2nd period - Stopped by Michal Neuvirth without a rebound.
14:06 of 2nd period - Jack Eichel wins face-off versus Bryan Little in Predators zone.
14:08 of 2nd period - Minor Penalty to John Moore for Holding.
14:09 of 2nd period - Jaden Schwartz wins face-off versus Ryan O'Reilly in Predators zone.
14:35 of 2nd period - Mark Pysyk is hit by Erik Karlsson and loses puck.
15:24 of 2nd period - Bryan Little is hit by Claude Giroux.
15:58 of 2nd period - Andy Miele is hit by Alexander Edler and loses puck.
16:08 of 2nd period - Penalty to John Moore is over, John Moore is back on ice.
16:17 of 2nd period - Wrist shot by James Van Riemsdyk.
16:17 of 2nd period - Stopped by Michal Neuvirth with a rebound.
16:19 of 2nd period - Snap shot by Stefan Elliott.
16:19 of 2nd period - Deflect By Claude Giroux.
16:19 of 2nd period - Stopped by Michal Neuvirth without a rebound.
16:20 of 2nd period - Jack Eichel wins face-off versus Vincent Trocheck in Predators zone.
16:26 of 2nd period - Off-side.
16:27 of 2nd period - Vincent Trocheck wins face-off versus Jack Eichel in neutral zone.
16:34 of 2nd period - Snap shot by Vincent Trocheck.
16:34 of 2nd period - Stopped by Michal Neuvirth without a rebound.
16:35 of 2nd period - Vincent Trocheck wins face-off versus Jack Eichel in Predators zone.
18:20 of 2nd period - Snap shot by Erik Karlsson.
18:20 of 2nd period - Deflect By Mikkel Boedker.
18:20 of 2nd period - Stopped by Michal Neuvirth with a rebound.
19:13 of 2nd period - Minor Penalty to Mark Pysyk for Tripping.
19:14 of 2nd period - Bryan Little wins face-off versus Jaden Schwartz in Predators zone.
Goals for this period are 1 for Predators vs 1 for Avalanche.
Shots for this period are 7 for Predators vs 9 for Avalanche.
3rd period
0:01 of 3rd period - Ryan O'Reilly wins face-off versus Jaden Schwartz in neutral zone.
0:04 of 3rd period - Markus Granlund is hit by Alexander Edler and loses puck.
0:39 of 3rd period - Minor Penalty to Mikkel Boedker for Holding.
0:40 of 3rd period - Ryan O'Reilly wins face-off versus Mikael Granlund in Avalanche zone.
0:45 of 3rd period - Snap shot by Mikael Granlund.
0:45 of 3rd period - Shot Blocked by Jacob Slavin.
1:04 of 3rd period - Icing by Ryan O'Reilly.
1:05 of 3rd period - Mikael Granlund wins face-off versus Ryan O'Reilly in Avalanche zone.
1:06 of 3rd period - Snap shot by Claude Giroux.
1:06 of 3rd period - Stopped by Marek Mazanek without a rebound.
1:07 of 3rd period - Ryan O'Reilly wins face-off versus Mikael Granlund in Avalanche zone.
1:13 of 3rd period - Penalty to Mark Pysyk is over, Mark Pysyk is back on ice.
1:14 of 3rd period - Wrist shot by Ryan O'Reilly.
1:14 of 3rd period - Stopped by Michal Neuvirth with a rebound.
1:54 of 3rd period - Snap shot by Mikael Granlund.
1:54 of 3rd period - Shot Blocked by Vincent Trocheck.
1:56 of 3rd period - Slapshot by Mark Pysyk.
1:56 of 3rd period - Goal by Mark Pysyk - Predators : 4 - Avalanche : 4.
1:57 of 3rd period - Bryan Little wins face-off versus Andy Miele in neutral zone.
2:15 of 3rd period - Icing by Justin Faulk.
2:16 of 3rd period - Andy Miele wins face-off versus Ryan O'Reilly in Predators zone.
2:37 of 3rd period - Snap shot by Alexander Ovechkin.
2:37 of 3rd period - Stopped by Marek Mazanek with a rebound.
3:22 of 3rd period - Slapshot by James Van Riemsdyk.
3:22 of 3rd period - Shot Misses the Net.
3:43 of 3rd period - Snap shot by Jaden Schwartz.
3:43 of 3rd period - Stopped by Marek Mazanek with a rebound.
3:45 of 3rd period - Snap shot by Ryan Mcdonagh.
3:45 of 3rd period - Shot Misses the Net.
3:55 of 3rd period - Anthony Duclair is hit by Claude Giroux.
5:00 of 3rd period - Icing by Vincent Trocheck.
5:01 of 3rd period - Jack Eichel wins face-off versus Vincent Trocheck in Avalanche zone.
5:02 of 3rd period - Snap shot by Claude Giroux.
5:02 of 3rd period - Stopped by Marek Mazanek with a rebound.
5:04 of 3rd period - Snap shot by Ryan Mcdonagh.
5:04 of 3rd period - Shot Blocked by Stefan Elliott.
5:18 of 3rd period - Stefan Elliott is hit by Ryan Mcdonagh and loses puck.
5:46 of 3rd period - Icing by Andrei Kuzmenko.
5:47 of 3rd period - Scott Laughton wins face-off versus Ryan O'Reilly in Avalanche zone.
6:20 of 3rd period - Wrist shot by Bryan Little.
6:20 of 3rd period - Stopped by Michal Neuvirth without a rebound.
6:21 of 3rd period - Bryan Little wins face-off versus Jack Eichel in Predators zone.
6:24 of 3rd period - Slapshot by Bryan Little.
6:24 of 3rd period - Shot Misses the Net.
6:26 of 3rd period - Backhand shot by Jack Johnson.
6:26 of 3rd period - Shot Misses the Net.
6:30 of 3rd period - Snap shot by Andrei Kuzmenko.
6:30 of 3rd period - Shot Misses the Net.
6:50 of 3rd period - Snap shot by Andrei Kuzmenko.
6:50 of 3rd period - Stopped by Michal Neuvirth with a rebound.
6:52 of 3rd period - Slapshot by Alexander Edler.
6:52 of 3rd period - Shot Blocked by John Moore.
6:56 of 3rd period - Slapshot by Patric Hornqvist.
6:56 of 3rd period - Goal by Patric Hornqvist - Predators : 4 - Avalanche : 5.
6:57 of 3rd period - Andy Miele wins face-off versus Ryan O'Reilly in neutral zone.
7:29 of 3rd period - Andrei Kuzmenko is hit by Jack Eichel and loses puck.
7:43 of 3rd period - Jack Eichel is hit by Andrei Kuzmenko.
8:14 of 3rd period - Backhand shot by Mikael Granlund.
8:14 of 3rd period - Stopped by Marek Mazanek without a rebound.
8:15 of 3rd period - Ryan O'Reilly wins face-off versus Andy Miele in Avalanche zone.
8:24 of 3rd period - Snap shot by Alexander Edler.
8:24 of 3rd period - Deflect By Mikkel Boedker.
8:24 of 3rd period - Stopped by Michal Neuvirth without a rebound.
8:25 of 3rd period - Ryan O'Reilly wins face-off versus Andy Miele in Predators zone.
10:19 of 3rd period - Icing by Marcus Kruger.
10:20 of 3rd period - Ryan O'Reilly wins face-off versus Jack Eichel in Avalanche zone.
10:29 of 3rd period - Slapshot by Mikkel Boedker.
10:29 of 3rd period - Shot Blocked by Mikael Granlund.
11:03 of 3rd period - Slapshot by Travis Dermott.
11:03 of 3rd period - Shot Blocked by Erik Karlsson.
11:09 of 3rd period - Travis Dermott is hit by Mikkel Boedker and loses puck.
11:26 of 3rd period - Slapshot by Marcus Kruger.
11:26 of 3rd period - Stopped by Michal Neuvirth without a rebound.
11:27 of 3rd period - Jack Eichel wins face-off versus Bryan Little in Predators zone.
11:36 of 3rd period - Snap shot by Mikael Granlund.
11:36 of 3rd period - Stopped by Marek Mazanek with a rebound.
11:54 of 3rd period - Mark Pysyk is hit by Vincent Trocheck and loses puck.
12:17 of 3rd period - Minor Penalty to Jacob Slavin for High sticking.
12:18 of 3rd period - Jack Eichel wins face-off versus Bryan Little in Avalanche zone.
13:05 of 3rd period - Wrist shot by Vincent Trocheck.
13:05 of 3rd period - Stopped by Michal Neuvirth with a rebound.
14:13 of 3rd period - Reilly Smith is hit by Luke Witkowski and loses puck.
14:17 of 3rd period - Penalty to Jacob Slavin is over, Jacob Slavin is back on ice.
14:28 of 3rd period - Slapshot by David Rundblad.
14:28 of 3rd period - Shot Misses the Net.
14:58 of 3rd period - Minor Penalty to Luke Witkowski for Slashing.
14:59 of 3rd period - Jack Eichel wins face-off versus Bryan Little in Avalanche zone.
15:02 of 3rd period - Snap shot by Claude Giroux.
15:02 of 3rd period - Stopped by Marek Mazanek with a rebound.
15:24 of 3rd period - Vincent Trocheck is hit by John Moore and loses puck.
15:51 of 3rd period - Andy Miele is hit by Jacob Slavin and loses puck.
16:50 of 3rd period - Alexander Edler is hit by Jack Eichel.
16:58 of 3rd period - Penalty to Luke Witkowski is over, Luke Witkowski is back on ice.
18:51 of 3rd period - Snap shot by James Van Riemsdyk.
18:51 of 3rd period - Stopped by Michal Neuvirth with a rebound.
18:57 of 3rd period - Predators, Michal Neuvirth is pulled from the net.
19:45 of 3rd period - Snap shot by Claude Giroux.
19:45 of 3rd period - Shot Misses the Net.
19:47 of 3rd period - Wrist shot by John Moore.
19:47 of 3rd period - Stopped by Marek Mazanek without a rebound.
19:48 of 3rd period - Ted Nolan call a timeout for Predators.
19:48 of 3rd period - Vincent Trocheck wins face-off versus Jack Eichel in Avalanche zone.
19:53 of 3rd period - Slapshot by James Van Riemsdyk.
19:53 of 3rd period - Goal by James Van Riemsdyk - Predators : 4 - Avalanche : 6.
19:53 of 3rd period - Michal Neuvirth from Predators was sent back in the game.
19:54 of 3rd period - Scott Laughton wins face-off versus Kyle Turris in neutral zone.
19:57 of 3rd period - Jacob Slavin is hit by Justin Faulk and loses puck.
Goals for this period are 1 for Predators vs 2 for Avalanche.
Shots for this period are 9 for Predators vs 9 for Avalanche.